 Dungeon Sprint DCSS version 0.23.1 (webtiles) character file.

Game seed: 4769420538485939427

16633 Fang the Warrior (level 12, -3/148 HPs)
             Began as a Gargoyle Berserker on Mar 19, 2019.
             Was the Champion of Trog.
             Slain by a greater mummy (9 damage)
             ... in the Dungeon (Sprint V: "Ziggurat Sprint").
             The game lasted 00:06:36 (1445 turns).

Fang the Warrior (Gargoyle Berserker)               Turns: 1445, Time: 00:06:36

Health: -3/148     AC: 43    Str: 39    XL:     12   Next: 39%
Magic:  4/4        EV: 15    Int:  8    God:    Trog [******]
Gold:   0          SH:  0    Dex: 12    Spells: 11/11 levels left

rFire    + . .     SeeInvis .   O - +7 war axe (antimagic)
rCold    x . .     Gourm    .   (no shield)
rNeg     + . .     Faith    .   j - +15 Maxwell's patent armour {-Cast -Tele rElec MR+ rCorr}
rPois    ∞         Spirit   .   (no helmet)
rElec    +         Reflect  .   z - +1 cloak {+Inv}
rCorr    +         Harm     .   (no gloves)
MR       +....     NoTele   +   (no boots) Stlth ..........NoCast +
                                (no amulet)
HPRegen  0.34/turn              D - +6 ring of strength
MPRegen  0.09/turn              G - ring "Haunawk" {Fire Str+2 Dex+3}

@: berserking, starving, studying Crossbows, very quick
A: blurry vision 1, negative energy resistance 1, robust 1, electricity
resistance, unbreathing, petrification resistance, rot immunity, subdued magic
1, AC +8
a: Berserk, Trog's Hand, Brothers in Arms, Renounce Religion, Evoke Invisibility


You were in the Dungeon.
You worshipped Trog.
Trog was exalted by your worship.
You were starving.

You visited 1 branch

Inventory:

Hand Weapons
 k - a +5 executioner's axe of venom
 C - the +3 battleaxe of the Mice {antimagic, *Noise MR+ Dex+3}
   (You found it in the Dungeon)

   It reduces the magical energy of the wielder, and disrupts the spells and
   magical abilities of those hit.
   Natural abilities and divine invocations are not affected.
   It affects your dexterity (+3).
   It affects your resistance to hostile enchantments.
   It may make noises in combat.
 O - a +7 antimagic war axe (weapon)
Armour
 j - the +15 Maxwell's patent armour (worn) {-Cast -Tele rElec MR+ rCorr}
   (You found it in the Dungeon)

   It insulates you from electricity.
   It affects your resistance to hostile enchantments.
   It prevents spellcasting.
   It prevents most forms of teleportation.
   It provides partial protection from all sources of acid and corrosion.
 z - a +1 cloak of invisibility (worn)
 A - the +5 scale mail "Seag" {*Slow Int+4 Stlth+}
   (You found it in the Dungeon)

   It affects your intelligence (+4).
   It may slow you when you take damage.
   It makes you more stealthy.
 E - a +3 plate armour of cold resistance
 J - the +4 plate armour of Slovenliness {MR+ Dex+2}
   (You found it in the Dungeon)

   It affects your dexterity (+2).
   It affects your resistance to hostile enchantments.
 K - a scarf of repulsion
Jewellery
 a - a +3 ring of intelligence
 D - a +6 ring of strength (left hand)
 F - the ring "Xeiniebb" {Wiz Int+2}
   (You found it in the Dungeon)

   [ring of wizardry]

   It improves your spell success rate.
   It affects your intelligence (+2).
 G - the ring "Haunawk" (right hand) {Fire Str+2 Dex+3}
   (You found it in the Dungeon)

   [ring of fire]

   It enhances your fire magic.
   It affects your strength (+2).
   It affects your dexterity (+3).
   It protects you from fire.
   It makes you vulnerable to cold.
 M - an uncursed ring of protection from magic
Wands
 w - a wand of disintegration (7)
 x - a wand of iceblast (7)
 y - a wand of acid (7)
Scrolls
 b - a scroll of brand weapon
 i - 4 scrolls of blinking
 l - 7 scrolls of fog
 m - a scroll of holy word
 n - 5 scrolls of identify
 o - 5 scrolls of remove curse
 p - 2 scrolls of fear
 L - 4 scrolls of enchant weapon
Potions
 d - 10 potions of curing
 e - 11 potions of heal wounds
 f - 6 potions of haste
 g - 7 potions of magic
 h - 3 potions of berserk rage
 q - 2 potions of brilliance
 r - 2 potions of invisibility
 s - 4 potions of resistance
 u - 5 potions of agility
 v - 5 potions of might
Books
 N - a manual of Crossbows
Miscellaneous
 H - 3 sacks of spiders
Comestibles
 c - 7 rations


   Skills:
 + Level 16.7 Fighting
 + Level 14.4 Axes
 + Level 15.9 Armour
 + Level 12.7 Dodging


You had 11 spell levels left.
You didn't know any spells.
Your spell library was empty.

Dungeon Overview and Level Annotations

Branches:
Dungeon (1/1)

Altars:
Ashenzari
Cheibriados
Dithmenos
Elyvilon
Fedhas
Gozag
Hepliaklqana
Kikubaaqudgha
Makhleb
Nemelex Xobeh
Okawaru
Qazlal
Ru
Sif Muna
Trog
Uskayaw
Vehumet
Wu Jian
Xom
Yredelemnul
Zin
The Shining One
Beogh
Jiyva
Lugonu

Annotations:
D 1 transporter


Innate Abilities, Weirdness & Mutations

You are resistant to torment.
Your stone body is resilient. (AC +8)
You are immune to poison.
You resist negative energy. (rN+)
You are resistant to electric shocks. (rElec)
You can survive without breathing.
You are immune to petrification.
You are immune to rotting.
Scrolls take you a little longer to read.
You are robust. (+10% HP)
Your spells are a little easier to cast, but a little less powerful.


Message History

You barely miss the greater mummy. You slash the ball python simulacrum!
The ball python simulacrum vapourises!
You miss the hungry ghost. You closely miss the hungry ghost.
The greater mummy hits you but does no damage.
Your Maxwell's patent armour prevents you from hitting the mummy priest.
The mummy priest is heavily damaged.
You slash the greater mummy!
The greater mummy's magic leaks into the air.
You slice the hungry ghost!!
You feel the power of Trog in you as your rage grows.
You destroy the hungry ghost!
You miss the hungry ghost. The hungry ghost hits you.
You are starving!
You hit the mummy priest but do no damage.
The mummy priest is heavily damaged.
You barely miss the greater mummy.
Your Maxwell's patent armour prevents you from hitting the hungry ghost.
The mummy priest prays to its god.
The greater mummy hits you!
You die...

▓......... ▓.........
▓▓▓▓▓▓▓▓▓▓▓▓▓.▓.....▓.
▓....8©8....▓....©....
▓..[:[)==[..▓▓▓▓▓▓▓▓▓▓
▓...=[::)...▓...8©8...
▓....WZ.W...▓..:)))...
▓.....W.....▓....||...
▓....@M.....▓.........
▓...○.M.....▓.........
▓..▓.....▓..▓..)|))...
▓. ▓▓...▓▓ ▓...()....
▓..▓.....▓..▓.▓..().▓.
▓.....©.....▓....©....
▓▓▓▓▓▓▓▓▓▓▓▓▓▓▓▓▓▓▓▓▓▓
▓...8©8...▓...8©8...▓.
▓..||.)|..▓...))|...▓.


You could see a greater mummy, a mummy priest, a phantasmal warrior, a spectral
leopard gecko, a hungry ghost and a wraith.

Vanquished Creatures
  A lich (D)
  A ghoul (D)
  2 vampire knights (D)
  2 mummy priests (D)
  Harold (D)
  Urug (D)
  2 skeletal warriors (D)
  A shining eye (D)
  2 cyclopes (D)
  A queen bee (shapeshifter) (D)
  3 guardian mummies (D)
  5 merfolk (D)
  2 slime creatures (D)
  A hippogriff (D)
  Eustachio (D)
  2 golden eyes (D)
  A hell hound (D)
  Purgy (D)
  An eye of draining (D)
  3 centaurs (D)
  2 bullfrogs (D)
  Blork the orc (D)
  2 iron imps (D)
  5 jellies (D)
  2 orc wizards (D)
  An orc priest (D)
  2 mummies (D)
  3 shadow imps (D)
  A white imp (D)
  An ooze (D)
  4 adder zombies (D)
  4 adder skeletons (D)
  An orc (D)
  A bat skeleton (D)
  2 bat zombies (D)
  A ball python skeleton (D)
  A ball python zombie (D)
  2 jackal skeletons (D)
  A jackal zombie (D)
  A quokka zombie (D)
72 creatures vanquished.

Vanquished Creatures (collateral kills)
  4 merfolk (D)
  A hippogriff (D)
  A flying skull (D)
  A mummy (D)
7 creatures vanquished.

Vanquished Creatures (others)
  A bat skeleton (D)
1 creature vanquished.

Grand Total: 80 creatures vanquished

Notes
Turn   | Place    | Note
-------+----------+-------------------------------------------
     0 | D        | Found the +6 Majin-Bo {vamp, Archmagi MP+6 Int+6}
     0 | D        | Found the +7 great mace "Firestarter" {inner flame, rF++}
     0 | D        | Fang the Gargoyle Berserker began the quest for the Orb.
     0 | D        | Reached XP level 1. HP: 14/14 MP: 1/1
     1 | D        | Found a blossoming altar of Fedhas.
     2 | D        | Found a viscous altar of Jiyva.
     2 | D        | Found a transporter.
     2 | D        | Found a hazy altar of Hepliaklqana.
     2 | D        | Found an ancient bone altar of Kikubaaqudgha.
     2 | D        | Found an opulent altar of Gozag.
     2 | D        | Found a corrupted altar of Lugonu.
    11 | D        | Found a burning altar of Makhleb.
    12 | D        | Found a sparkling altar of Nemelex Xobeh.
    12 | D        | Found an iron altar of Okawaru.
    12 | D        | Found a stormy altar of Qazlal.
    12 | D        | Found a sacrificial altar of Ru.
    13 | D        | Found a deep blue altar of Sif Muna.
    19 | D        | Found the +9 heavy crossbow "Sniper" {velocity, Acc+∞ SInv}
    19 | D        | Found the +10 dark maul {crush}
    19 | D        | Found the +15 Maxwell's patent armour {-Cast -Tele rElec
                  | MR+ rCorr}
    19 | D        | Found the +18 shield of the Gong {rElec rN+ MR+ EV-5}
    19 | D        | Found the cursed +14 obsidian axe {chop, +Fly SInv *Curse}
    31 | D        | Found a bloodstained altar of Trog.
    63 | D        | Entered arena 2.
    63 | D        | Noticed a bullfrog
    63 | D        | Noticed a bullfrog
    63 | D        | Found a transporter.
    67 | D        | Killed a bullfrog
    67 | D        | Reached skill level 5 in Fighting
    67 | D        | Reached XP level 2. HP: 19/21 MP: 2/2
    67 | D        | Reached XP level 3. HP: 23/26 MP: 3/3
    67 | D        | Reached XP level 4. HP: 28/31 MP: 4/4
    72 | D        | Killed a bullfrog
    72 | D        | Reached skill level 6 in Fighting
    72 | D        | Reached skill level 5 in Axes
    72 | D        | Reached skill level 5 in Armour
    72 | D        | Reached XP level 5. HP: 26/36 MP: 5/5
   152 | D        | Entered arena 3.
   152 | D        | Noticed a cyclops
   152 | D        | Noticed a cyclops
   152 | D        | Noticed a queen bee
   152 | D        | Found a transporter.
   157 | D        | Killed a queen bee
   157 | D        | Reached ** piety under Trog
   157 | D        | Reached skill level 8 in Fighting
   157 | D        | Reached skill level 5 in Dodging
   157 | D        | Reached XP level 6. HP: 44/44 MP: 6/6
   158 | D        | Killed a cyclops
   158 | D        | Reached skill level 9 in Fighting
   158 | D        | Reached XP level 7. HP: 51/51 MP: 7/7
   159 | D        | Killed a cyclops
   159 | D        | Reached skill level 10 in Fighting
   159 | D        | Reached skill level 10 in Armour
   159 | D        | Reached XP level 8. HP: 47/57 MP: 8/8
   204 | D        | Entered arena 4.
   204 | D        | Found a transporter.
   206 | D        | Reached *** piety under Trog
   215 | D        | Got the ring "Haunawk" {Fire Str+2 Dex+3}
   222 | D        | Entered arena 5.
   222 | D        | Found a transporter.
   227 | D        | Reached **** piety under Trog
   333 | D        | Entered arena 6.
   333 | D        | Noticed a slime creature
   333 | D        | Found a transporter.
   341 | D        | Reached ***** piety under Trog
   361 | D        | Killed a slime creature
   604 | D        | Reached skill level 11 in Fighting
   645 | D        | Entered arena 7.
   645 | D        | Noticed a merfolk
   645 | D        | Noticed a hippogriff
   645 | D        | Noticed a merfolk
   645 | D        | Noticed a merfolk
   645 | D        | Noticed a merfolk
   651 | D        | Found a transporter.
   654 | D        | Reached XP level 9. HP: 27/64 MP: 9/9
   658 | D        | Reached skill level 12 in Fighting
   658 | D        | Reached skill level 10 in Axes
   658 | D        | Reached XP level 10. HP: 26/71 MP: 10/10
   662 | D        | Received a gift from Trog
   775 | D        | Entered arena 8.
   776 | D        | Found a transporter.
   781 | D        | Received a gift from Trog
   808 | D        | Got the +5 scale mail "Seag" {*Slow Int+4 Stlth+}
   812 | D        | Entered arena 9.
   812 | D        | Noticed a shining eye
   813 | D        | Found a transporter.
   816 | D        | Gained mutation: Your spells are a little easier to cast,
                  | but a little less powerful. [a shining eye]
   817 | D        | Gained mutation: Scrolls take you a little longer to read.
                  | [a shining eye]
   818 | D        | Reached skill level 13 in Fighting
   819 | D        | Gained mutation: You are robust. (+10% HP) [a shining eye]
   820 | D        | Killed a shining eye
   822 | D        | Received a gift from Trog
   848 | D        | Got the +3 battleaxe of the Mice {antimagic, *Noise MR+
                  | Dex+3}
   947 | D        | Entered arena 10.
   951 | D        | Found a transporter.
   956 | D        | Reached skill level 10 in Dodging
   961 | D        | Reached ****** piety under Trog
   968 | D        | Reached skill level 14 in Fighting
   975 | D        | Received a gift from Trog
   992 | D        | Got the ring "Xeiniebb" {Wiz Int+2}
  1121 | D        | Entered arena 11.
  1122 | D        | Found a transporter.
  1124 | D        | Reached XP level 11. HP: 88/88 MP: 3/11
  1129 | D        | Received a gift from Trog
  1142 | D        | Got the +4 plate armour of Slovenliness {MR+ Dex+2}
  1153 | D        | Entered arena 12.
  1153 | D        | Noticed Purgy
  1153 | D        | Noticed Blork the orc
  1153 | D        | Noticed Harold
  1154 | D        | Noticed Eustachio
  1154 | D        | Noticed Urug
  1155 | D        | Found a transporter.
  1159 | D        | Killed Purgy
  1165 | D        | Killed Harold
  1166 | D        | Killed Eustachio
  1167 | D        | Killed Urug
  1175 | D        | Killed Blork the orc
  1175 | D        | Received a gift from Trog
  1213 | D        | Entered arena 13.
  1213 | D        | Noticed a vampire knight
  1213 | D        | Noticed a vampire knight
  1213 | D        | Noticed a lich
  1213 | D        | Noticed a skeletal warrior
  1213 | D        | Noticed a ghoul
  1214 | D        | Noticed a skeletal warrior
  1218 | D        | Received a gift from Trog
  1220 | D        | Killed a vampire knight
  1220 | D        | Reached skill level 15 in Fighting
  1228 | D        | Killed a lich
  1231 | D        | Killed a skeletal warrior
  1235 | D        | Killed a skeletal warrior
  1235 | D        | Received a gift from Trog
  1235 | D        | Reached skill level 15 in Armour
  1238 | D        | Killed a ghoul
  1238 | D        | Reached skill level 16 in Fighting
  1238 | D        | Reached XP level 12. HP: 27/96 MP: 4/12
  1241 | D        | Found a transporter.
  1244 | D        | Killed a vampire knight
  1415 | D        | Entered arena 14.
  1417 | D        | Noticed a mummy priest
  1417 | D        | Noticed a greater mummy
  1417 | D        | Noticed a mummy priest
  1417 | D        | Noticed a mummy priest
  1418 | D        | Found a transporter.
  1418 | D        | Noticed a jiangshi
  1431 | D        | Received a gift from Trog
  1434 | D        | Killed a mummy priest
  1439 | D        | Killed a mummy priest
  1439 | D        | Received a gift from Trog
  1439 | D        | HP: 5/148 [greater mummy (7)]
  1445 | D        | Slain by a greater mummy

Skill      XL: |  1  2  3  4  5  6  7  8  9 10 11 12 |
---------------+-------------------------------------+-----
Fighting       | 5 6 8 9 10 11 12 14 16 | 16.7
Axes           | 4 5 6 8 9 10 12 13 14 | 14.4
Armour         | 4 5 7 9 10 13 15 | 15.9
Dodging        | 3 4 5 7 8 10 12 | 12.7

Action                   |  1- 3 |  4- 6 |  7- 9 | 10-12 || total
-------------------------+-------+-------+-------+-------++-------
Melee: Executioner's axe |     4 |     8 |    36 |    15 ||    63
       Battleaxe         |       |       |       |    70 ||    70
       War axe           |       |       |       |    21 ||    21
Invok: Berserk           |       |     1 |     1 |     3 ||     5
       Trog's Hand       |       |       |     1 |     1 ||     2
       Brothers in Arms  |       |       |       |     3 ||     3
  Use: Potion            |       |       |     2 |     2 ||     4
       Scroll            |       |       |       |     1 ||     1
  Eat: Chunk             |       |       |       |     7 ||     7
Armor: Plate armour      |    13 |    10 |    79 |   157 ||   259
Dodge: Dodged            |     2 |     7 |    45 |   138 ||   192
